 Dungeon Crawl Stone Soup version 0.31-a0-1099-g7fa767f3fe (webtiles) character file.

Game seed: 1387298544809050791

55 Gynju the Skirmisher (level 3, 0/31 HPs)
             Began as a Gnoll Hunter on Dec 1, 2023.
             Succumbed to an adder's poison
             ... on level 1 of the Dungeon.
             The game lasted 00:01:23 (900 turns).

Gynju the Skirmisher (Gnoll Hunter)                  Turns: 900, Time: 00:01:23

Health: 0/31       AC:  4    Str: 10    XL:     3   Next: 93%
Magic:  4/4        EV: 13    Int:  8    God:
Gold:   43         SH:  0    Dex: 17    Spells: 4/4 levels left

rFire   . . .        b - +3 dagger
rCold   . . .        (no shield)
rNeg    . . .        c - +0 leather armour
rPois   .            k - +0 helmet
rElec   .            (no cloak)
rCorr   .            (no gloves)
SInv    .            (no boots)
Will    .....        (no amulet)
Stlth   ++           (no ring)
HPRegen 0.25/turn    (no ring)
MPRegen 0.09/turn

%: no passive effects
@: lethally poisoned (0 -> -3)
A: fangs 1, strong nose, distributed training
a: no special abilities


You were on level 1 of the Dungeon.
You visited 1 branch of the dungeon, and saw 2 of its levels.

You collected 43 gold pieces.

Inventory:

Hand Weapons
 a - a +0 shortbow
 b - a +3 dagger (weapon)
Armour
 c - a +0 leather armour (worn)
 k - a +0 helmet (worn)
 l - a +0 chain mail
Scrolls
 e - a scroll of identify {unknown}
 g - a scroll of butterflies
 h - a scroll of teleportation {unknown}
 j - a scroll of enchant weapon {unknown}
Potions
 d - a potion of brilliance {unknown}
 f - a potion of resistance {unknown}
 i - a potion of mutation {unknown}
 m - a potion of ambrosia {unknown}
 n - a potion of degeneration {unknown}


   Skills:
 + Level 4.6 Fighting
 + Level 1.0 Short Blades
 + Level 1.0 Long Blades
 + Level 1.0 Axes
 + Level 1.0 Maces & Flails
 + Level 1.0 Polearms
 + Level 1.0 Staves
 + Level 8.5 Ranged Weapons
 + Level 1.0 Throwing
 + Level 1.0 Armour
 + Level 4.6 Dodging
 + Level 2.5 Stealth
 + Level 1.0 Shields
 + Level 1.0 Unarmed Combat
 + Level 1.0 Spellcasting
 + Level 0.7 Conjurations
 + Level 0.7 Hexes
 + Level 0.7 Summonings
 + Level 0.7 Necromancy
 + Level 0.7 Translocations
 + Level 0.7 Transmutations
 + Level 0.7 Fire Magic
 + Level 0.7 Ice Magic
 + Level 0.7 Air Magic
 + Level 0.7 Earth Magic
 + Level 0.7 Poison Magic
 + Level 1.1 Invocations
 + Level 1.0 Evocations
 + Level 0.9 Shapeshifting


You had 4 spell levels left.
You didn't know any spells.
Your spell library contained the following spells:

 Spells                   Type           Power      Damage    Failure   Level
 Summon Guardian Golem    Hex/Summ       1%         N/A       75%         3
 Orb of Destruction       Conj           0%         9d5       100%        7
 Spellforged Servitor     Conj/Summ      0%         N/A       100%        7


Dungeon Overview and Level Annotations

Branches:
Dungeon (2/15)

Altars:


Innate Abilities, Weirdness & Mutations

You have very sharp teeth.
Your uncanny sense of smell can sniff out nearby items.
Your experience applies equally to all skills.


Message History

The adder is moderately wounded.
You feel sick. The adder bites you.
You are more poisoned.
The adder poisons you! The adder misses you.
You barely miss the adder.
The adder is moderately wounded.
You feel sick. The adder misses you.
You hit the adder. Your bite misses the adder.
The adder is moderately wounded.
You feel sick. The adder bites you but does no damage.
You hit the adder but do no damage.
The adder is moderately wounded.
You feel sick. The adder bites you but does no damage.
The adder barely misses you.
You closely miss the adder. You bite the adder, but do no damage.
The adder is moderately wounded.
You feel sick. The adder bites you.
You hit the adder. You bite the adder.
The adder is severely wounded.
You feel sick. The adder bites you.
* * * LOW HITPOINT WARNING * * *
You are lethally poisoned!
The adder poisons you!
You miss the adder.
The adder is severely wounded.
* * * LOW HITPOINT WARNING * * *
You feel sick. The adder bites you.
* * * LOW HITPOINT WARNING * * *
You hit the adder but do no damage.
The adder is severely wounded.
* * * LOW HITPOINT WARNING * * *
You feel sick. The adder barely misses you.
You miss the adder.
The adder is severely wounded.
* * * LOW HITPOINT WARNING * * *
You feel sick. The adder closely misses you. The adder bites you.
* * * LOW HITPOINT WARNING * * *
You hit the adder but do no damage.
The adder is severely wounded.
You die...

#.# #.# #.#.. #.# #.#
#.#.. #.####### #.#
#.#.. #.##....###.####
#.#.. #.##.#.........#
#.#.)
#.##.#.###.###.####
##.#..
#.##.#.#.....#..(.#
#..#.#
#.##.#.#.....#).#.#
#.##.#
#.##.#....S@.(..#.#
#.##.#
#......#.....#.##.#
#....#
####...#.....#.##.#
#.#### ###.###)###.##)#
#.# #
#.........##.#####.####
#.##.#...###...........
#.##....## #######.####
##.##.#### #.# #.....#
#.#


You could see an adder.

Vanquished Creatures
  A gnoll (D:1)
  7 endoplasms
  A giant cockroach (D:1)
  5 hobgoblins (D:1)
  6 jackals
  4 kobolds (D:1)
  A quokka (D:1)
  2 ball pythons (D:1)
  4 bats
  A frilled lizard (D:1)
  4 goblins (D:1)
  4 rats (D:1)
40 creatures vanquished.

Notes
Turn   | Place    | Note
-------+----------+-------------------------------------------
     0 | D:1      | Gynju the Gnoll Hunter began the quest for the Orb.
     0 | D:1      | Reached XP level 1. HP: 20/20 MP: 1/1
     7 | D:1      | Noticed a five-headed hydra
     7 | D:1      | Noticed a black bear
     8 | D:1      | Noticed a killer bee
     8 | D:1      | Noticed a swamp worm
   102 | D:1      | Reached XP level 2. HP: 26/26 MP: 2/2
   266 | D:1      | Reached XP level 3. HP: 31/31 MP: 2/4
   305 | D:1      | Reached skill level 1 in Invocations
   724 | D:1      | Reached skill level 1 in Short Blades
   724 | D:1      | Reached skill level 1 in Long Blades
   724 | D:1      | Reached skill level 1 in Axes
   724 | D:1      | Reached skill level 1 in Maces & Flails
   724 | D:1      | Reached skill level 1 in Polearms
   724 | D:1      | Reached skill level 1 in Staves
   724 | D:1      | Reached skill level 1 in Throwing
   724 | D:1      | Reached skill level 1 in Armour
   724 | D:1      | Reached skill level 1 in Shields
   724 | D:1      | Reached skill level 1 in Unarmed Combat
   724 | D:1      | Reached skill level 1 in Spellcasting
   724 | D:1      | Reached skill level 1 in Evocations
   899 | D:1      | HP: 1/31 [adder (1)]
   900 | D:1      | Succumbed to an adder's poison

Illustrated notes

Levels and vault maps discovered:
D:1:      onia_arrival_zoo_common, layout_loops_ring, st_stairs_3, minmay_tall_x
D:2:      layout_basic, minmay_rat_gold_closets, uniq_crazy_yiuf_cottage,
          uniq_jessica

Skill      XL: |  1  2  3 |
---------------+----------+-----
Invocations    | 1 |  1.1
Short Blades   | 1 |  1.0
Long Blades    | 1 |  1.0
Axes           | 1 |  1.0
Maces & Flails | 1 |  1.0
Polearms       | 1 |  1.0
Staves         | 1 |  1.0
Throwing       | 1 |  1.0
Armour         | 1 |  1.0
Shields        | 1 |  1.0
Unarmed Combat | 1 |  1.0
Spellcasting   | 1 |  1.0
Evocations     | 1 |  1.0
Fighting       | |  4.6
Ranged Weapons | |  8.5
Dodging        | |  4.6
Stealth        | |  2.5
Conjurations   | |  0.7
Hexes          | |  0.7
Summonings     | |  0.7
Necromancy     | |  0.7
Translocations | |  0.7
Transmutations | |  0.7
Fire Magic     | |  0.7
Ice Magic      | |  0.7
Air Magic      | |  0.7
Earth Magic    | |  0.7
Poison Magic   | |  0.7
Shapeshifting  | |  0.9

Action                     || total
---------------------------++-------
  Melee: Dagger            ||    23
         Bite              ||     2
   Fire: Shortbow          ||    73
 Armour: Leather armour    ||    15
  Dodge: Dodged            ||    18

Table legend: (Time is in decaauts)
 A = Elapsed time spent in this place.
 B = Non-inter-level travel time spent in this place.
 C = Inter-level travel time spent in this place.
 D = Time resting spent in this place.
 E = Time spent auto-exploring this place.
 F = Levels seen in this place.
 G = Mean time per level.
                   A        B        C        D        E       F      G
               +--------+--------+--------+--------+--------+-----+--------+
         Total |    899 |    775 |    124 |      0 |    591 |   2 |  449.5 |
       Dungeon |    899 |    775 |    124 |      0 |    591 |   2 |  449.5 |
               +--------+--------+--------+--------+--------+-----+--------+

Top non-repeatable levels by time:
     D:1: 876 daAuts
     D:2: 23 daAuts
